 Dungeon Crawl Stone Soup version 0.27.0-1-g7a089689b8 (webtiles) character file.

Game seed: 9935502234541466071

5765 Spaninq the Grappler (level 10, -4/81 HPs)
             Began as a Troll Chaos Knight on Aug 1, 2021.
             Was a High Priest of the Shining One.
             Killed from afar by an electric eel (10 damage)
             ... with a bolt of electricity
             ... on level 9 of the Dungeon.
             The game lasted 00:20:51 (6527 turns).

Spaninq the Grappler (Troll Chaos Knight)           Turns: 6527, Time: 00:20:53

Health: -4/81      AC:  6    Str: 25    XL:     10   Next: 49%
Magic:  15/15      EV:  5    Int: 10    God:    the Shining One [*****.]
Gold:   326        SH: 26    Dex:  9    Spells: 9/9 levels left

rFire    + . .     SeeInvis .     - Unarmed
rCold    + . .     Faith    .   d - +12 tower shield of the Old World {Int+2}
rNeg     + + .     Spirit   .   a - +2 robe
rPois    .         Reflect  .   (helmet restricted)
rElec    .         Harm     .   o - scarf {rC+ rF+}
rCorr    +         Rampage  .   (gloves unavailable)
Will     .....     Clarity  +   (boots unavailable)
Stlth    +.........             (no amulet)
HPRegen  1.23/turn              y - ring of resist corrosion
MPRegen  0.14/turn              (no ring)

@: glowing
A: large, unfitting armour, claws 3, regeneration 1, shaggy fur 1, tough skin 1,
clarity, frail 2, high mp 1
a: Renounce Religion, Divine Shield, Cleansing Flame, Summon Divine Warrior


You were on level 9 of the Dungeon.
You worshipped the Shining One.
The Shining One was extremely pleased with you.
You visited 3 branches of the dungeon, and saw 11 of its levels.

You collected 326 gold pieces.

Inventory:

Hand Weapons
 c - a +1 eveningstar
 s - a +1 whip of electrocution
Armour
 a - a +2 robe (worn)
 d - the +12 tower shield of the Old World (worn) {Int+2}
   (You acquired it on level 8 of the Dungeon)

   Int:       It affects your intelligence (+2).
 o - a scarf of resistance (worn)
Jewellery
 f - a ring of ice
 g - a ring of fire
 k - a ring of flight
 m - a ring of ice
 y - a ring of resist corrosion (left claw)
Wands
 j - a wand of flame (9)
 p - a wand of charming (13)
 r - a wand of mindburst (14)
 t - a wand of iceblast (5)
 u - a wand of digging (5)
Scrolls
 h - a scroll of enchant armour
 w - a scroll of identify
 z - a scroll of immolation {unknown}
Potions
 b - 2 potions of mutation
 e - 2 potions of curing
 i - 2 potions of berserk rage
 l - a potion of ambrosia
 n - a potion of heal wounds
 q - 3 potions of might
 v - a potion of brilliance {unknown}
 x - 3 potions of flight


   Skills:
 + Level 7.1 Fighting
 * Level 5.3 Maces & Flails
 - Level 1.9 Dodging
 * Level 2.3 Shields
 - Level 10.0 Unarmed Combat
 + Level 6.4 Invocations


You had 9 spell levels left.
You didn't know any spells.
Your spell library contained the following spells:

 Spells                   Type           Power      Damage    Failure   Level
 Shock                    Conj/Air       0%         1d3       99%         1
 Dazzling Flash           Conj/Hex       0%         N/A       100%        3
 Swiftness                Air            0%         N/A       100%        3
 Airstrike                Air            0%         N/A       100%        4
 Agony                    Necr           0%         N/A       100%        5
 Silence                  Hex/Air        0%         N/A       100%        5


Dungeon Overview and Level Annotations

Branches:
Dungeon (9/15)             Temple (1/1) D:7            Lair (1/6) D:8
    Orc: D:9-12

Altars:
Ashenzari
Cheibriados
Dithmenos
Elyvilon
Fedhas
Gozag
Hepliaklqana
Kikubaaqudgha
Makhleb
Nemelex Xobeh
Okawaru
Qazlal
Ru
Sif Muna
Trog
Uskayaw
Vehumet
Wu Jian
Xom
Yredelemnul
Zin
The Shining One

Annotations:
D:7 1 runed translucent door, Nausicaa's ghost, novice TrDe
D:9 exclusion: ice statue


Innate Abilities, Weirdness & Mutations

You are too large for most types of armour.
You have claws for hands.
Your natural rate of healing is unusually fast.
You are covered in fur. (AC +1)
You have tough skin. (AC +1)
You possess an exceptional clarity of mind.
You are very frail. (-20% HP)
You have an increased reservoir of magic. (+10% MP)


Message History

The centaur shoots an arrow.
You block the arrow.
The centaur shoots an arrow.
The arrow hits you.
The centaur shoots an arrow.
You block the arrow.
The centaur shoots an arrow.
You block the arrow.
The centaur shoots an arrow.
The arrow hits you.
The centaur shoots an arrow.
The arrow barely misses you.
The centaur shoots an arrow.
You block the arrow.
Found a granite ring.
y - a ring of resist corrosion
y - a ring of resist corrosion (left claw)
Found a potion of might.
An electric eel comes into view.
The electric eel shoots out a bolt of lightning at you!
The bolt of electricity hits you!
A water moccasin comes into view.
The water moccasin hisses angrily.
An electric eel comes into view.
The electric eel shoots out a bolt of lightning at you!
The bolt of electricity hits you!
An electric eel comes into view.
The electric eel shoots out a bolt of lightning at you!
The bolt of electricity hits you!
You see here a potion of might.
q - 3 potions of might (gained 1)
The electric eel shoots out a bolt of lightning at you!
The bolt of electricity hits the plant!
The plant begins to die.
The bolt of electricity hits you!
The electric eel shoots out a bolt of lightning at you!
The bolt of electricity hits you!
* * * LOW HITPOINT WARNING * * *
The electric eel shoots out a bolt of lightning at you!
The bolt of electricity hits you!
* * * LOW HITPOINT WARNING * * *
The electric eel shoots out a bolt of lightning at you!
The bolt of electricity hits you!
* * * LOW HITPOINT WARNING * * *
The electric eel shoots out a bolt of lightning at you!
The bolt of electricity hits you!
You die...
Xom guffaws!

..≈≈≈.≈.##.##≈≈8≈≈##..###.#
.≈≈≈≈.. #.##≈≈≈≈;##<......
#.##.....##..###.# ≈≈≈≈
#.##.....##....... ≈≈≈.
#.##.....##......# ≈≈≈..
#.##.....##....... ≈≈≈≈.
#.##.....##..##### ≈≈≈≈..
#.##⌠...⌠##..# #
≈≈≈P≈.##@...........# #
≈≈;.≈...S.....###...#####
≈≈P≈..........# ##.......
≈≈≈P..........# #..###..
≈;≈...........# #[.# #.#
≈≈≈...........# #... #.#
≈≈;≈..........# #.#.##.#
≈.≈...........# #.#.##.#
P......######## #.......


You could see a water moccasin and 3 electric eels.

Vanquished Creatures
  Pikel (D:7)
  A cane toad (Lair:1)
  A wraith (D:7)
  7 yaks
  Duvessa (D:6)
  3 water moccasins
  A black bear (D:7)
  2 ice beasts
  An orc warrior (D:8)
  A necrophage (D:7)
  An ogre (D:5)
  A wolf (D:6)
  3 centaurs
  2 lemures
  A phantom (D:7)
  2 bullfrogs
  6 scorpions (D:5)
  2 gnoll sergeants (D:6)
  Dowan (D:6)
  A water moccasin skeleton (D:5)
  3 killer bees
  8 wights (D:8)
  A howler monkey (D:8)
  2 centaur zombies
  2 bullfrog zombies (D:5)
  10 hounds
  5 orc priests
  A bullfrog skeleton (D:6)
  2 gnoll shamans (D:6)
  3 centaur skeletons
  Natasha (twice) (D:2)
  3 orc wizards
  A howler monkey zombie (D:8)
  24 gnolls
  A howler monkey skeleton (D:6)
  5 adders
  An ufetubus (D:5)
  2 adder skeletons (D:4)
  A worm (D:4)
  A dart slug (D:3)
  14 orcs
  8 ball pythons
  7 bats
  9 endoplasms
  3 giant cockroaches
  3 hobgoblins (D:4)
  14 jackals
  A quokka (D:2)
  A ball python skeleton (D:2)
  9 frilled lizards
  5 goblins
  9 kobolds
  2 rats
202 creatures vanquished.

Vanquished Creatures (collateral kills)
  2 scorpions (D:5)
  An adder (D:5)
  3 bats (D:5)
6 creatures vanquished.

Vanquished Creatures (others)
  15 fungi (D:5)
  3 plants (D:9)
18 creatures vanquished.

Grand Total: 226 creatures vanquished

Notes
Turn   | Place    | Note
-------+----------+-------------------------------------------
     0 | D:1      | Spaninq the Troll Chaos Knight began the quest for the Orb.
     0 | D:1      | Reached XP level 1. HP: 22/22 MP: 0/0
   246 | D:1      | Reached XP level 2. HP: 29/29 MP: 1/1
   527 | D:1      | Found a faded altar of an unknown god.
   535 | D:1      | Fell from the grace of Xom
   535 | D:1      | Became a worshipper of the Shining One
   535 | D:1      | Reached * piety under the Shining One
   642 | D:2      | Noticed Natasha
   653 | D:2      | Killed Natasha
   654 | D:2      | Reached skill level 4 in Unarmed Combat
   654 | D:2      | Reached XP level 3. HP: 35/36 MP: 2/2
   771 | D:2      | Noticed Natasha
   776 | D:2      | Killed Natasha
   777 | D:2      | Reached XP level 4. HP: 45/45 MP: 3/3
   858 | D:2      | XOM: summons 3 hostile demons
  1344 | D:3      | Reached skill level 5 in Unarmed Combat
  1344 | D:3      | Reached XP level 5. HP: 44/53 MP: 4/4
  1474 | D:3      | Noticed an ice beast
  1480 | D:3      | Killed an ice beast
  1481 | D:3      | Reached skill level 1 in Invocations
  1898 | D:3      | XOM: give mutation
  1898 | D:3      | Gained mutation: Your spells are a little easier to cast,
                  | but a little less powerful. [Xom's mischief]
  1905 | D:4      | Reached ** piety under the Shining One
  1923 | D:3      | Reached XP level 6. HP: 62/62 MP: 5/5
  2253 | D:4      | Reached skill level 6 in Unarmed Combat
  2365 | D:4      | You fall into a shaft and drop 2 floors!
  2373 | D:5      | Entered Level 5 of the Dungeon
  2543 | D:4      | XOM: noise
  2683 | D:5      | Reached XP level 7. HP: 65/70 MP: 7/7
  2736 | D:5      | Reached skill level 7 in Unarmed Combat
  2750 | D:5      | Lost mutation: Your spells are a little easier to cast, but
                  | a little less powerful. [potion of mutation]
  2750 | D:5      | Gained mutation: You are frail. (-10% HP) [potion of
                  | mutation]
  2750 | D:5      | Gained mutation: You have an increased reservoir of magic.
                  | (+10% MP) [potion of mutation]
  2750 | D:5      | Gained mutation: You possess an exceptional clarity of
                  | mind. [potion of mutation]
  2750 | D:5      | HP: 3/63 [poisoned by a scorpion]
  2755 | D:5      | HP: 1/63 [poisoned by a scorpion]
  2833 | D:5      | XOM: divination: magic mapping
  2846 | D:5      | Reached XP level 8. HP: 71/71 MP: 10/10
  3000 | D:5      | Reached *** piety under the Shining One
  3119 | D:5      | XOM: give mutation
  3119 | D:5      | Gained mutation: You are very frail. (-20% HP) [Xom's
                  | mischief]
  3229 | D:5      | Reached skill level 5 in Fighting
  3229 | D:5      | Reached skill level 8 in Unarmed Combat
  3453 | D:6      | Noticed Dowan
  3468 | D:5      | Reached skill level 9 in Unarmed Combat
  3468 | D:5      | Reached XP level 9. HP: 69/70 MP: 12/12
  3486 | D:5      | XOM: noise
  3512 | D:6      | Reached skill level 5 in Invocations
  3576 | D:6      | Noticed Duvessa
  3579 | D:6      | Killed Dowan
  3585 | D:6      | Killed Duvessa
  3788 | D:6      | XOM: enchant monster (bad)
  4100 | D:6      | Reached skill level 10 in Unarmed Combat
  4310 | D:7      | Noticed Pikel
  4352 | D:7      | Killed Pikel
  4377 | D:7      | Found a runed translucent door.
  4465 | D:7      | Reached XP level 10. HP: 80/80 MP: 14/14
  4530 | D:7      | Found a staircase to the Ecumenical Temple.
  4545 | Temple   | Entered the Ecumenical Temple
  4609 | Temple   | XOM: silly message
  4814 | D:7      | Reached **** piety under the Shining One
  5006 | D:7      | Found a burning altar of Makhleb.
  5102 | D:7      | Noticed Nausicaa's ghost (novice TrDe)
  5425 | D:8      | XOM: 3-stop teleportation journey
  5500 | D:8      | Found a stormy altar of Qazlal.
  5509 | D:8      | Found an opulent altar of Gozag.
  5510 | D:8      | Identified a scroll of acquirement
  5510 | D:8      | Acquired the +12 tower shield of the Old World {Int+2}
  5521 | D:8      | Found an ornate altar of the Wu Jian Council.
  5545 | D:8      | Found a bloodstained altar of Trog.
  5760 | D:8      | Reached skill level 1 in Shields
  5832 | D:8      | Found a staircase to the Lair.
  6092 | Lair:1   | Entered Level 1 of the Lair of Beasts
  6097 | Lair:1   | Noticed a cane toad
  6107 | Lair:1   | Killed a cane toad
  6131 | D:8      | Reached skill level 5 in Maces & Flails
  6132 | Lair:1   | Reached ***** piety under the Shining One
  6174 | Lair:1   | Noticed a six-headed hydra
  6242 | D:9      | Noticed an ice statue
  6250 | D:9      | XOM: cloud trail
  6369 | D:9      | XOM: noise
  6425 | D:9      | Found a sparkling altar of Nemelex Xobeh.
  6527 | D:9      | Killed from afar by an electric eel

Illustrated notes

Levels and vault maps discovered:
D:1:      dpeg_arrival_boxorama, layout_rooms,
          shapermc_ecumenical_altar_mp_highgroup, minmay_lizard_pond
D:2:      layout_loops_ring, minmay_cut_off, uniq_natasha
D:3:      layout_loops_ring, minmay_misc_feat_rugged
D:4:      layout_loops_cross
D:5:      old_forge, layout_loops_cross, item_on_display_a
D:6:      layout_cave_pools, serial_gnoll_camp, gnoll_camp_mini_loothouse,
          gnoll_camp_medium_02, gnoll_camp_medium_01, gnoll_camp_mini_doghouse,
          uniq_duvessa
D:7:      layout_rooms, mainiacjoe_overflow_alcove_4, temple_pool_b,
          ebering_ghost_reflecting_pool, uniq_pikel
D:8:      layout_gridville, nicolae_overflow_quartered_altars, lair_entry_dummy,
          grunt_decor_mini_mirrors
D:9:      lemuel_ice_statue, layout_basic, nemelex_spade_bored_becter,
          chequers_big_river, grunt_ministairs_15, uniq_maurice
Temple:   eino_temple_scatter_basement
Lair:1:   layout_gridlike

Skill      XL: |  1  2  3  4  5  6  7  8  9 10 |
---------------+-------------------------------+-----
Unarmed Combat | 4 5 6 7 9 10 | 10.0
Fighting       | 3 4 5 6 7 |  7.1
Invocations    | 1 2 3 4 6 |  6.4
Maces & Flails | 3 5 |  5.3
Shields        | 2 |  2.3
Dodging        | |  1.9

Action                   |  1- 3 |  4- 6 |  7- 9 | 10-12 || total
-------------------------+-------+-------+-------+-------++-------
Melee: Unarmed           |    83 |   129 |   209 |   101 ||   522
       Punch             |       |     2 |     6 |     2 ||    10
Invok: Divine Shield     |       |       |     1 |       ||     1
  Use: Scroll            |       |       |    15 |     3 ||    18
       Potion            |       |       |     6 |     1 ||     7
Armor: Robe              |    38 |    63 |    71 |    21 ||   193
Dodge: Dodged            |    34 |    74 |   129 |    27 ||   264
Block: Other             |       |       |    15 |       ||    15
       Tower shield      |       |       |       |    76 ||    76
